 Dungeon Sprint DCSS version 0.22-a0-265-g0d8bc90 (webtiles) character file.

364 Ghella the Unseen (level 6, 12/32 HPs)
             Began as a Spriggan Assassin on Mar 7, 2018.
             Quit the game in the Dungeon (Sprint I: "Red Sonja").
             The game lasted 00:04:32 (1325 turns).

Ghella the Unseen (Spriggan Assassin)               Turns: 1325, Time: 00:04:33

Health: 12/32      AC:  3    Str:  7    XL:     6   Next: 39%
Magic:  7/7        EV: 20    Int: 13    God:
Gold:   270        SH:  0    Dex: 19    Spells: 5/5 levels left

rFire    . . .     SeeInvis +   b - +0 blowgun
rCold    . . .     Gourm    .   (shield restricted)
rNeg     . . .     Faith    .   c - +0 robe
rPois    .         Spirit   .   (helmet restricted)
rElec    .         Reflect  .   d - +0 cloak
rCorr    .         Harm     .   (gloves unavailable)
MR       +....     NoTele   +   (boots unavailable)
Stlth    +++++++...             (no amulet)
HPRegen  0.10/turn              (no ring)
MPRegen  0.10/turn              (no ring)

@: very quick
A: very small, unfitting armour, see invisible, herbivore, speed 3, slow
metabolism 2
a: no special abilities


You were in the Dungeon.
You were not hungry.

You visited 1 branch You collected 270 gold pieces.

Inventory:

Hand Weapons
 a - a +2 dagger
 b - a +0 blowgun (weapon)
 l - a +0 dagger of protection
Missiles
 e - 3 poisoned needles
 f - a curare-tipped needle (quivered)
Armour
 c - a +0 robe (worn)
 d - a +0 cloak (worn)
Scrolls
 m - a scroll of blinking
Potions
 h - a potion of curing
 i - a potion of heal wounds
 j - a potion of haste
 k - 2 potions of magic
 n - a potion of flight {unknown}
Comestibles
 g - a ration


   Skills:
 + Level 3.3 Fighting
 + Level 5.4 Short Blades
 + Level 4.3 Throwing
 + Level 4.0 Dodging
 * Level 17.2 Stealth


You had 5 spell levels left.
You didn't know any spells.

Dungeon Overview and Level Annotations

Branches:
Dungeon (1/1)

Altars:
Makhleb
Xom
Jiyva
Lugonu


Innate Abilities, Weirdness & Mutations

You are very small and have problems with some larger weapons.
You are too small for most types of armour.
You have supernaturally acute eyesight. (SInv)
You are a herbivore.
You cover ground extremely quickly.
You need to consume almost no food.


Message History

The slime creature completely misses you.
The ufetubus hits you. The ufetubus barely misses you. The white imp hits you.
The white imp freezes you.
The iron imp disappears in a puff of smoke!
The kobold demonologist miscasts a cantrip.
The white imp gestures at you. The puff of frost hits you!
There is a fountain of clear blue water here.
You see here 2 poisoned needles.
e - 3 poisoned needles (gained 2)
The white imp shouts, "Begone, thou gorbellied limp-willed pimple!"
The ufetubus closely misses you. x2
The rust devil disappears in a puff of smoke!
The ufetubus closely misses you. x2; The white imp misses you.
The ufetubus completely misses you. The ufetubus misses you.
Really attack while wielding your +0 blowgun? [Y]es or [N]o only, please.
Really attack while wielding your +0 blowgun?
Okay, then.
Are you sure you want to abandon this character and quit the game? (Confirm with "yes".)

##################
#<.#.['..#.)K..#__
#..'.4#..4..#..'K.
#.§#####'#####+#__
#KJ# #..# ### #55#
#### #@5# #⌠⌠#
####


You could see a slime creature, a kobold demonologist, a white imp and 2
ufetubi.

Vanquished Creatures
  Sigmund (D)
  A floating eye (D)
  An ogre (D)
  Ijyb (D)
4 creatures vanquished.

Notes
Turn   | Place    | Note
-------+----------+-------------------------------------------
     0 | D        | Ghella the Spriggan Assassin began the quest for the Orb.
     0 | D        | Reached XP level 1. HP: 10/10 MP: 2/2
     2 | D        | Noticed Ijyb
    23 | D        | Killed Ijyb
    23 | D        | Reached skill level 9 in Stealth
    23 | D        | Reached XP level 2. HP: 11/15 MP: 3/3
   145 | D        | Noticed an ogre
   166 | D        | Killed an ogre
   166 | D        | Reached skill level 13 in Stealth
   166 | D        | Reached XP level 3. HP: 19/19 MP: 4/4
   166 | D        | Reached XP level 4. HP: 23/23 MP: 5/5
   198 | D        | Noticed Sigmund
   201 | D        | Killed Sigmund
   201 | D        | Reached skill level 5 in Short Blades
   201 | D        | Reached skill level 16 in Stealth
   201 | D        | Reached XP level 5. HP: 28/28 MP: 6/6
   313 | D        | Found a burning altar of Makhleb.
   313 | D        | Found a viscous altar of Jiyva.
   313 | D        | Found a shimmering altar of Xom.
   313 | D        | Found a corrupted altar of Lugonu.
   313 | D        | Noticed a slime creature
  1275 | D        | Noticed a kobold demonologist
  1275 | D        | Noticed a floating eye
  1276 | D        | Noticed a kobold demonologist
  1278 | D        | Killed a floating eye
  1278 | D        | Reached skill level 17 in Stealth
  1278 | D        | Reached XP level 6. HP: 32/32 MP: 7/7
  1287 | D        | Noticed a red devil
  1292 | D        | Noticed a rust devil
  1325 | D        | Quit the game

Vault maps used:
D:        dungeon_sprint_1

Skill      XL: |  1  2  3  4  5 |
---------------+----------------+-----
Short Blades   | 3 5 |  5.4
Dodging        | 2 3 4 |  4.0
Stealth        | 9 13 16 17 | 17.2
Fighting       | 2 3 |  3.3
Throwing       | 3 4 |  4.3

Action                   |  1- 3 |  4- 6 || total
-------------------------+-------+-------++-------
Melee: Dagger            |    19 |     3 ||    22
 Fire: Blowgun           |     5 |    21 ||    26
  Use: Potion            |     1 |       ||     1
 Stab: Sleeping          |       |     2 ||     2
Dodge: Dodged            |    12 |    22 ||    34

Table legend:
 A = Spawn XP
 B = Non-spawn XP
 C = Spawn XP percentage of total XP
 D = Spawn monster count
 E = Non-spawn monster count
 F = Spawn count percentage of total count
 G = Total turns spent on level
                    A         B        C        D         E        F      G
               +---------+---------+-------+---------+---------+-------+---------
         Total |       0 |     520 |   0.0 |       0 |       4 |   0.0 |  1325
               +---------+---------+-------+---------+---------+-------+---------
             D |       0 |     520 |   0.0 |       0 |       4 |   0.0 |  1325
               +---------+---------+-------+---------+---------+-------+---------
